 Dungeon Crawl Stone Soup version 0.18-a0-1109-gfc003ac (webtiles) character file.

540 xgamer67 the Insei (level 7, 19/45 HPs)
             Began as an Octopode Transmuter on Jan 16, 2016.
             Was an Initiate of Gozag.
             Quit the game on level 5 of the Dungeon.
             The game lasted 00:12:08 (5126 turns).

xgamer67 the Insei (Octopode Transmuter)            Turns: 5126, Time: 00:12:08

Health: 19/45      AC:  3    Str:  9    XL:     7   Next: 26%
Magic:  10/10      EV: 14    Int: 18    God:    Gozag
Gold:   818        SH:  0    Dex: 14    Spells: 3 memorised, 4 levels left

rFire  . . .     SeeInvis .       - Unarmed
rCold  . . .     Gourm    .     (no shield)
rNeg   . . .     Faith    .     (helmet restricted)
rPois  .         Spirit   .     (no amulet)
rElec  .         Dismiss  .     j - +2 ring of intelligence
rCorr  .         Reflect  .     s - +2 ring of protection
SustAt .         Harm     .     (no ring)
MR     .....                    (no ring)
Stlth  +++.......               (no ring)
                                (no ring)
                                (no ring)
                                (no ring)

@: gold aura, starving, not resistant to hostile enchantments, fairly stealthy
A: almost no armour, amphibious, 8 rings, constrict 8, camouflage 1, gelatinous
body 1
a: Potion Petition, Call Merchant, Bribe Branch, Renounce Religion


You were on level 5 of the Dungeon.
You worshipped Gozag.
Gozag was noncommittal.
You were starving.

You visited 1 branch of the dungeon, and saw 5 of its levels.
You also visited: Ossuary.

You collected 836 gold pieces.
You paid 18 gold pieces to Gozag.

Inventory:

Missiles
 a - 8 arrows
 i - 11 poisoned needles
 k - 131 stones (quivered)
 o - 14 arrows of flame
 u - 10 arrows of frost
Jewellery
 j - a +2 ring of intelligence (left tentacle)
 s - a +2 ring of protection (right tentacle)
 B - an uncursed ring of see invisible {unknown}
Scrolls
 c - 4 scrolls of identify
 d - a scroll of blinking
 f - 2 scrolls of immolation
 h - a scroll of magic mapping {unknown}
 m - a scroll of remove curse {unknown}
 q - a scroll of teleportation {unknown}
 t - a scroll of fog {unknown}
 w - a scroll of recharging {unknown}
 y - a scroll of vulnerability {unknown}
Potions
 e - 4 potions of curing
 g - 2 potions of mutation {unknown}
 l - 2 potions of haste {unknown}
 n - a potion of flight {unknown}
 p - a potion of berserk rage {unknown}
 r - a potion of heal wounds {unknown}
 v - a potion of poison {unknown}
 x - a potion of brilliance {unknown}
 z - 2 potions of agility
 A - a potion of invisibility
Books
 b - a book of Changes

   Spells                             Type                      Level
   a - Beastly Appendage              Transmutation                1
   b - Sticks to Snakes               Transmutation                2
   c - Spider Form                    Transmutation/Poison         3
   d - Ice Form                       Ice/Transmutation            4
   e - Blade Hands                    Transmutation                5


   Skills:
 - Level 2.0 Fighting
 - Level 4.0 Dodging
 - Level 2.0 Stealth
 + Level 6.4 Unarmed Combat
 - Level 2.0 Spellcasting
 - Level 2.0 Transmutations
 - Level 2.0 Poison Magic


You had 4 spell levels left.
You knew the following spells:

 Your Spells              Type           Power        Failure   Level  Hunger
a - Beastly Appendage     Trmt           #.....       10%         1    #......
b - Spider Form           Trmt/Pois      #.........   24%         3    ###....
d - Sticks to Snakes      Trmt           #.......     12%         2    ###....


Dungeon Overview and Level Annotations

Branches:
Dungeon (5/15)             Temple (0/1) D:5

Altars:
Gozag

Annotations:
D:5 Pikel


Innate Abilities, Weirdness & Mutations

You cannot wear most types of armour.
You are amphibious.
You can wear up to eight rings at the same time.
You can use your tentacles to constrict eight enemies at once.
Your skin changes colour to match your surroundings (Stealth).
Your rubbery body absorbs attacks (AC +1).


Message History

You constrict the slave, but do no damage.
The slave hits you but does no damage.
You tentacle-slap the slave.
The slave is heavily wounded.
You constrict the slave. The slave misses you.
You tentacle-slap the slave but do no damage.
The slave is severely wounded.
You constrict the slave. The slave closely misses you.
You tentacle-slap the slave but do no damage.
The slave is severely wounded.
You constrict the slave. The slave hits you!
You tentacle-slap the slave.
The slave is almost dead.
You constrict the slave. The slave closely misses you.
You bludgeon the slave!
You kill the slave!
That felt strangely unrewarding.
Quiver which item? (- for none, * to show all) (? for menu, Esc to quit)
Okay, then.
Are you sure you want to abandon this character and quit the game? (Confirm with "yes".)

# ..##.# #.h. #.##.##.# ......
#.#.....##..#..# ...............
#....#.#.#.#.#
###################......h......
.........##....@pp#p...#.......#
#.......##.#####K#.............
#.....<.##.####......p#...>...#
#..............................
#.......##.####.......#:......#
#.......##.####..#.............
.........##.......#....#.#.#.#.#
##.#############.#..)...........
... #.#.##..###.#...#


You could see Pikel and 2 slaves.

Vanquished Creatures
  Menkaure (D:4)
  A phantom (D:4)
  A slave (D:5)
  A hound (D:5)
  4 mummies (Ossuary)
  9 adders
  An ooze (D:2)
  3 worms
  4 giant geckos
  An orc (D:4)
  10 bats
  A giant cockroach (D:2)
  5 gnoll zombies (Ossuary)
  9 goblins
  7 hobgoblins
  7 jackals
  7 kobolds
  2 quokkas (D:2)
  4 giant newts
  2 gnoll skeletons (Ossuary)
  4 goblin skeletons (Ossuary)
  A goblin zombie (Ossuary)
  2 hobgoblin skeletons (Ossuary)
  2 hobgoblin zombies (Ossuary)
  4 kobold skeletons (Ossuary)
  A kobold zombie (Ossuary)
  An orc skeleton (Ossuary)
  2 orc zombies (Ossuary)
  11 rats
  A rat zombie (Ossuary)
109 creatures vanquished.

Vanquished Creatures (collateral kills)
  A hippogriff (D:3)
  An orc (D:3)
2 creatures vanquished.

Vanquished Creatures (others)
  A quokka (D:4)
  2 gnoll skeletons (Ossuary)
  2 gnoll zombies (Ossuary)
  A goblin skeleton (Ossuary)
  4 goblin zombies (Ossuary)
  2 hobgoblin skeletons (Ossuary)
  2 hobgoblin zombies (Ossuary)
  4 kobold skeletons (Ossuary)
  A kobold zombie (Ossuary)
  An orc skeleton (Ossuary)
  2 orc zombies (Ossuary)
  2 rat skeletons (Ossuary)
  2 rat zombies (Ossuary)
26 creatures vanquished.

Grand Total: 137 creatures vanquished

Notes
Turn   | Place    | Note
--------------------------------------------------------------
     0 | D:1      | xgamer67 the Octopode Transmuter began the quest for the Orb.
     0 | D:1      | Reached XP level 1. HP: 13/13 MP: 3/3
   150 | D:1      | Reached XP level 2. HP: 15/18 MP: 5/5
   255 | D:1      | Learned a level 2 spell: Sticks to Snakes
   507 | D:2      | Reached skill level 4 in Unarmed Combat
   507 | D:2      | Reached XP level 3. HP: 21/23 MP: 6/6
   512 | D:2      | Learned a level 3 spell: Spider Form
   805 | D:2      | Found an opulent altar of Gozag.
   812 | D:2      | Became a worshipper of Gozag Ym Sagoz the Greedy
   824 | D:2      | Reached skill level 1 in Poison Magic
   885 | D:2      | Reached XP level 4. HP: 14/28 MP: 7/7
  2296 | D:2      | Reached skill level 1 in Stealth
  2575 | D:3      | Reached skill level 5 in Unarmed Combat
  2575 | D:3      | Reached XP level 5. HP: 25/33 MP: 8/8
  2707 | D:3      | Found a faded altar to an unknown god.
  2923 | D:3      | Noticed a hippogriff
  2937 | D:3      | Killed a hippogriff
  3627 | D:4      | Reached XP level 6. HP: 29/39 MP: 9/9
  3714 | D:4      | Noticed Menkaure
  3724 | D:4      | Killed Menkaure
  3724 | D:4      | Reached skill level 6 in Unarmed Combat
  3879 | D:4      | Noticed a phantom
  3927 | D:4      | Killed a phantom
  3927 | D:4      | Reached XP level 7. HP: 8/45 MP: 10/10
  4211 | D:4      | Found a sand-covered staircase.
  4224 | Ossuary  | Entered an ossuary
  5076 | D:5      | Entered Level 5 of the Dungeon
  5095 | D:5      | Found a staircase to the Ecumenical Temple.
  5095 | D:5      | Noticed Pikel
  5126 | D:5      | Quit the game

Vault maps used:
D:1:      grunt_arrival_lava_bath
D:2:      overflow_temple_1_default, first_bread
D:3:      kennysheep_big_flooded_room, ecumenical_altar_1
D:4:      xom_confusion_cloud, fedhas_altar_fruit_tree, enter_ossuary_1,
          hangedman_decor_peaks_small, grunt_ministairs_7, uniq_menkaure,
          uniq_blork_the_orc
D:5:      grunt_qazlal_clouds, okawaru_altar_gauntlet_db,
          minmay_temple_entry_glass, kennysheep_boxes, uniq_pikel
Ossuary:  ossuary_due_pyramid

Action                   |  1- 3 |  4- 6 |  7- 9 || total
-------------------------+-------+-------+-------++-------
Melee: Unarmed           |    59 |   145 |    83 ||   287
 Cast: Beastly Appendage |     2 |       |       ||     2
       Sticks to Snakes  |       |     4 |       ||     4
Invok: Potion Petition   |       |       |     1 ||     1
  Use: Potion            |     2 |     1 |       ||     3
       Scroll            |       |     2 |       ||     2
 Stab: Sleeping          |     3 |    10 |     1 ||    14
  Eat: Fruit             |       |     3 |       ||     3
       Bread ration      |       |     2 |       ||     2
